 Dungeon Crawl Stone Soup version 0.26-a0-851-g735459dd53 (webtiles) character file.

Game seed: 698275807707515756

2 Froggeryz the Sneak (level 1, -4/18 HPs)
             Began as a Formicid Delver on Nov 21, 2020.
             Killed from afar by a white imp (7 damage)
             ... with a puff of frost
             ... on level 5 of the Dungeon.
             The game lasted 00:01:55 (499 turns).

Froggeryz the Sneak (Formicid Delver)                Turns: 499, Time: 00:01:56

Health: -4/18      AC:  3    Str: 16    XL:     1   Next: 33%
Magic:  1/1        EV: 12    Int:  9    God:
Gold:   32         SH:  0    Dex: 12    Spells: 0/0 levels left

rFire    . . .     SeeInvis +   a - +0 hand axe
rCold    . . .     Faith    .   (no shield)
rNeg     . . .     Spirit   .   b - +0 leather armour
rPois    .         Reflect  .   (helmet unavailable)
rElec    .         Harm     .   (no cloak)
rCorr    .         Rampage  .   (no gloves)
MR       .....                  (no boots)
Stlth    +++.......             (no amulet)
HPRegen  0.06/turn              (no ring)
MPRegen  0.07/turn              (no ring)

@: flying
A: permanent stasis, dig shafts and tunnels, four strong arms, antennae 3
a: Dig, Shaft Self


You were on level 5 of the Dungeon.
You visited 2 branches of the dungeon, and saw 2 of its levels.

You collected 32 gold pieces.

Inventory:

Hand Weapons
 a - a +0 hand axe (weapon)
Armour
 b - a +0 leather armour (worn)
Wands
 f - a wand of digging (3)
Scrolls
 c - a scroll of fog
 d - a scroll of magic mapping
Potions
 h - a potion of curing


   Skills:
 - Level 3.2 Fighting
 * Level 2.1 Axes
 + Level 0.2 Armour
 - Level 1.7 Dodging
 - Level 6.0 Stealth


You couldn't memorise any spells.
You didn't know any spells.
Your spell library was empty.

Dungeon Overview and Level Annotations

Branches:
Dungeon (5/15)             Temple (1/1) D:5

Altars:
Ashenzari
Cheibriados
Elyvilon
Fedhas
Hepliaklqana
Ru
Trog
Uskayaw
Vehumet
Wu Jian
Xom
Yredelemnul
Zin


Innate Abilities, Weirdness & Mutations

You cannot be hasted, slowed, berserked, paralysed or teleported.
You can dig through walls and to a lower floor.
Your four strong arms can wield two-handed weapons with a shield.
You have a pair of large antennae on your head. (SInv)


Message History

You closely miss the white imp.
The white imp shouts, "Run away, thou unctious toot-wallowing urchin!"
The white imp hits you. The white imp freezes you.
As you read the scroll labelled LAOGEO NEZAA, it crumbles to dust.
You feel blessed for a moment.
It was a scroll of remove curse.
The white imp completely misses you.
You hit the white imp but do no damage. The white imp gestures at you.
The puff of frost misses you.
The white imp shouts, "Scamper away, thou mammering flat-headed reprobate!"
The white imp gestures at you. The puff of frost hits you!
Ouch! That really hurt!
* * * LOW HITPOINT WARNING * * *
It was a potion of flight.
You feel very buoyant.
You fly up into the air.
The white imp gestures at you. The puff of frost hits you!
You die...

..# #.# #.# #.# #.# ##
####.# #. . ##.##.# ###.
....####...#.########...
....'55@................
....####...#.###.####...
. ##..#.# #.# #.#.
##.#.# #.# #.#. #...#
#.# #.## ########..##
#.# #.# #.........####.#
#.# #.#####........# #.#
#.#.#########.##


You could see 2 white imps.

Vanquished Creatures
  An orc (D:5)
1 creature vanquished.

Notes
Turn   | Place    | Note
-------+----------+-------------------------------------------
     0 | D:5      | Froggeryz the Formicid Delver began the quest for the Orb.
     0 | D:5      | Reached XP level 1. HP: 18/18 MP: 1/1
    41 | D:5      | Found a staircase to the Ecumenical Temple.
    57 | Temple   | Entered the Ecumenical Temple
   499 | D:5      | Killed from afar by a white imp

Illustrated notes

Levels and vault maps discovered:
D:5:      layout_loops_corners, minmay_temple_entry_tees
Temple:   dshaligram_water_room_temple

Action                   || total
-------------------------++-------
Melee: Hand axe          ||     9
  Use: Scroll            ||     2
       Potion            ||     2
Dodge: Dodged            ||     6

Table legend: (Time is in decaauts)
 A = Elapsed time spent in this place.
 B = Non-inter-level travel time spent in this place.
 C = Inter-level travel time spent in this place.
 D = Time resting spent in this place.
 E = Time spent auto-exploring this place.
 F = Levels seen in this place.
 G = Mean time per level.
                   A        B        C        D        E       F      G
               +--------+--------+--------+--------+--------+-----+--------+
         Total |    502 |    502 |      0 |    247 |     11 |   2 |  251.0 |
       Dungeon |    172 |    172 |      0 |      0 |     11 |   1 |  172.0 |
        Temple |    329 |    329 |      0 |    247 |      0 |   1 |  329.0 |
               +--------+--------+--------+--------+--------+-----+--------+

Top non-repeatable levels by time:
  Temple: 329 daAuts
     D:5: 172 daAuts
